 Dungeon Crawl Stone Soup version 0.30.1 (webtiles) character file.

Game seed: 5787445483744594418

1667 FallenXxXSky the Spear-Bearer (level 9, 0/69 HPs)
             Began as a Merfolk Artificer on July 6, 2023.
             Was a Follower of Makhleb.
             Slain by a black bear (2 damage)
             ... on level 6 of the Dungeon.
             The game lasted 00:12:40 (5973 turns).

FallenXxXSky the Spear-Bearer (Merfolk Artificer)   Turns: 5973, Time: 00:12:41

Health: 0/69       AC: 10    Str: 22    XL:     9   Next: 1%
Magic:  9/9        EV: 11    Int: 11    God:    Makhleb [*.....]
Gold:   82         SH:  0    Dex: 14    Spells: 8/8 levels left

rFire   . . .        a - +2 dagger (venom)
rCold   . . .        (no shield)
rNeg    . . .        h - +0 scale mail
rPois   .            (no helmet)
rElec   .            k - +0 cloak
rCorr   .            (no gloves)
SInv    .            s - +2 pair of boots
Will    .....        (no amulet) Stlth
                     o - +6 ring of strength
HPRegen 0.31/turn    (no ring)
MPRegen 0.11/turn

%: no passive effects
@: no status effects
A: (nimble swimmer 2), mertail
a: Renounce Religion


You were on level 6 of the Dungeon.
You worshipped Makhleb.
Makhleb was aware of your devotion.
You visited 2 branches of the dungeon, and saw 8 of its levels.

You collected 320 gold pieces.
You spent 238 gold pieces at shops.

Inventory:

Hand Weapons
 a - a +2 dagger of venom (weapon)
 b - a +0 trident
Missiles
 l - 6 poisoned darts
Armour
 h - a +0 scale mail (worn)
 k - a +0 cloak (worn)
 s - a +2 pair of boots (worn)
Jewellery
 g - an amulet of guardian spirit
 o - a +6 ring of strength (left hand)
Wands
 c - a wand of flame (6) (quivered)
 d - a wand of charming (12)
 e - a wand of iceblast (3)
 C - a wand of roots (5)
Scrolls
 j - a scroll of enchant armour {unknown}
 m - 2 scrolls of butterflies {unknown}
 n - 3 scrolls of identify
 r - 2 scrolls of teleportation {unknown}
 t - 3 scrolls of vulnerability {unknown}
 u - 2 scrolls of amnesia
 v - a scroll of fog {unknown}
 x - a scroll of acquirement {unknown}
 y - a scroll of poison
Potions
 f - 6 potions of curing
 i - 3 potions of flight {unknown}
 p - 2 potions of might
 q - 2 potions of resistance
 w - a potion of attraction {unknown}
 z - a potion of lignification
 A - a potion of haste
 B - a potion of heal wounds {unknown}
 D - a potion of mutation {unknown}


   Skills:
 + Level 5.9 Fighting
 * Level 11.8 Polearms
 - Level 1.6 Armour
 - Level 3.9 Dodging
 - Level 1.1 Stealth
 - Level 3.0 Evocations


You had 8 spell levels left.
You didn't know any spells.
Your spell library contained the following spells:

 Spells                   Type           Power      Damage    Failure   Level
 Sting                    Tmut/Pois      0%         1d3       67%         1
 Poisonous Vapours        Pois/Air       0%         N/A       82%         2
 Call Canine Familiar     Summ           0%         N/A       96%         3
 Portal Projectile        Hex/Tloc       0%         N/A       96%         3
 Stone Arrow              Conj/Erth      0%         3d7       96%         3
 Animate Armour           Summ/Erth      0%         N/A       100%        4
 Leda's Liquefaction      Hex/Erth       0%         N/A       100%        4
 Olgreb's Toxic Radiance  Pois           0%         N/A       100%        4
 Borgnjor's Vile Clutch   Necr/Erth      0%         N/A       100%        5
 Iron Shot                Conj/Erth      0%         9d1       100%        6


Dungeon Overview and Level Annotations

Branches:
Dungeon (7/15)             Temple (1/1) D:5

Altars:
Elyvilon
Kikubaaqudgha
Makhleb

Shops:
D:2 [   D:5 *


Innate Abilities, Weirdness & Mutations

((You are very nimble when in or above water. (Stealth+, EV+, Speed+++)))
Your lower body shifts to a powerful aquatic tail in water.


Message History

Your kobold brigand hits the black bear with a +0 short sword!
You feel sick. The iguana bites your kobold brigand!
Your kobold brigand hits the iguana with a +0 short sword.
You hit the black bear.
The black bear is poisoned.
The black bear is almost dead.
You feel sick.
The gnoll sergeant hits your kobold brigand with a +5 spear of flaming!
The gnoll sergeant burns your kobold brigand.
Your kobold brigand dies!
The black bear goes berserk!
You closely miss the black bear.
The black bear is almost dead.
You feel sick. The black bear misses you. The black bear closely misses you.
The black bear claws you.
* * * LOW HITPOINT WARNING * * *
Something hits you.
* * * LOW HITPOINT WARNING * * *
It was a potion of curing.
You feel better. The black bear closely misses you.
The black bear claws you but does no damage. x2
Something hits you but does no damage. The black bear bites you.
* * * LOW HITPOINT WARNING * * *
The black bear claws you but does no damage. x2
There is a stone staircase leading up here.
The black bear misses you. The black bear closely misses you.
The black bear claws you.
* * * LOW HITPOINT WARNING * * *
The black bear barely misses you.
The black bear claws you but does no damage.
The black bear barely misses you. Something hits you.
* * * LOW HITPOINT WARNING * * *
You climb upwards.
Reactivating autopickup.
There is a stone staircase leading down here.
Aiming: Throw Flame
Press: ? - help, Shift-Dir - straight line, f - black bear
Aim: a black bear (almost dead, berserk, poisoned, 79% to hit)
The puff of flame hits the black bear.
The black bear is almost dead.
The black bear bites you.
You die...

...... ..#.# #.♣ ♣♣.## #.##.#
#.#.# #.♣ ♣♣..# #.##.###.#.#
##.♣♣ ♣...#
##.#...##.#.###...♣♣♣♣♣...# #
#....#...................##
#.##..#...##.#.#.######...#.##
#........###.....###.........#
#####..######..h..............#
................@####........<#
####..#########.## ####...####
# #..# #.# #...# # # ##..# #.#
#...# # # #...# #'## ##.## # #
#..## #...# ###.####### ###..##
#..... #........## ......##
#...... #.###..#.##
###....####.§.§... ###. #....##


You could see a black bear (berserk, poisoned).

Vanquished Creatures
  Prince Ribbit (D:6)
  A steam dragon (D:7)
  Duvessa (D:6)
  A sky beast (D:6)
  2 ice beasts
  2 black bears
  Dowan (D:6)
  A howler monkey (D:5)
  2 jellies
  2 hounds (D:4)
  Crazy Yiuf (D:6)
  Jessica (D:3)
  A gnoll bouda (D:7)
  Terence (D:3)
  6 iguanas
  An orc wizard (D:3)
  5 gnolls (D:7)
  9 adders
  A shadow imp (D:6)
  2 worms
  6 dart slugs
  8 orcs
  10 ball pythons
  6 bats
  9 endoplasms
  10 giant cockroaches
  9 goblins
  4 hobgoblins
  11 jackals
  2 quokkas
  4 frilled lizards
  10 kobolds
  5 rats
136 creatures vanquished.

Vanquished Creatures (collateral kills)
  An iguana (D:6)
1 creature vanquished.

Vanquished Creatures (others)
  A kobold brigand (D:7)
1 creature vanquished.

Grand Total: 138 creatures vanquished

Notes
Turn   | Place    | Note
-------+----------+-------------------------------------------
     0 | D:1      | FallenXxXSky the Merfolk Artificer began the quest for the
                  | Orb.
     0 | D:1      | Reached XP level 1. HP: 15/15 MP: 1/1
   211 | D:1      | Reached skill level 1 in Armour
   211 | D:1      | Reached XP level 2. HP: 17/21 MP: 2/2
   804 | D:1      | Reached XP level 3. HP: 27/27 MP: 3/3
  1402 | D:2      | Found a white marble altar of Elyvilon.
  1677 | D:2      | Reached XP level 4. HP: 34/34 MP: 4/4
  1876 | D:2      | Found a faded altar of an unknown god.
  1890 | D:2      | Found Qesot's Armour Emporium.
  2167 | D:3      | Noticed Terence
  2179 | D:3      | Killed Terence
  2180 | D:3      | Reached skill level 2 in Polearms
  2282 | D:3      | Noticed Jessica
  2289 | D:3      | Killed Jessica
  2290 | D:3      | Reached skill level 3 in Polearms
  2290 | D:3      | Reached XP level 5. HP: 37/39 MP: 5/5
  2562 | D:3      | Reached skill level 4 in Polearms
  2783 | D:3      | Identified the +0 buckler of the Harp {Regen+ Dex+2 Stlth+}
  3024 | D:4      | Reached skill level 5 in Polearms
  3196 | D:4      | Reached XP level 6. HP: 46/46 MP: 6/6
  3334 | D:4      | Reached skill level 6 in Polearms
  3365 | D:4      | Found a burning altar of Makhleb.
  3371 | D:4      | Became a worshipper of Makhleb the Destroyer
  3708 | D:4      | Noticed a black bear
  3720 | D:4      | Killed a black bear
  3721 | D:4      | Reached skill level 7 in Polearms
  3721 | D:4      | Reached XP level 7. HP: 37/51 MP: 7/7
  3996 | D:5      | Entered Level 5 of the Dungeon
  4013 | D:5      | Reached skill level 8 in Polearms
  4073 | D:5      | Got the Tome of Clay
  4180 | D:5      | Found an ancient bone altar of Kikubaaqudgha.
  4241 | D:5      | Found a staircase to the Ecumenical Temple.
  4442 | Temple   | Entered the Ecumenical Temple
  4554 | D:5      | Reached skill level 9 in Polearms
  4651 | D:5      | Found Koeh Jeh's General Store.
  4659 | D:5      | Bought a potion of lignification for 42 gold pieces
  4659 | D:5      | Bought a potion of haste for 140 gold pieces
  4659 | D:5      | Bought a scroll of poison for 56 gold pieces
  4803 | D:6      | Reached XP level 8. HP: 60/60 MP: 8/8
  4812 | D:6      | Noticed Duvessa
  4813 | D:6      | Noticed Dowan
  4829 | D:6      | Killed Duvessa
  4839 | D:6      | Killed Dowan
  5013 | D:6      | Noticed Prince Ribbit
  5023 | D:6      | Killed Prince Ribbit
  5024 | D:6      | Reached skill level 10 in Polearms
  5228 | D:6      | Found a runed translucent door.
  5230 | D:6      | Noticed Crazy Yiuf
  5284 | D:6      | Killed Crazy Yiuf
  5285 | D:6      | Reached skill level 5 in Fighting
  5698 | D:6      | Reached skill level 11 in Polearms
  5932 | D:7      | Reached * piety under Makhleb
  5959 | D:7      | Reached XP level 9. HP: 32/69 MP: 9/9
  5971 | D:7      | HP: 2/69 [something (6)]
  5973 | D:6      | Slain by a black bear

Illustrated notes

Levels and vault maps discovered:
D:1:      dpeg_arrival_chambers_temple_mockup, layout_basic
D:2:      wad_pebble_path, layout_basic, serial_shops, nicolae_shop_stone,
          dreamdust_ecumenical_altar_angels_and_demons,
          kennysheep_cluttered_room, grunt_ministairs_9,
          minmay_gold_behind_fungi, minmay_hexomino_r4
D:3:      layout_basic, uniq_jessica, uniq_terence
D:4:      kb_forest_paths, layout_basic, mainiacjoe_overflow_six_doors_small,
          gup_sewer_entry_glass, nicolae_ossuary_entry_ruins,
          minmay_fractal_squares_5
D:5:      layout_basic, mainiacjoe_overflow_concentric_impassable,
          minmay_temple_entry_slanted, serial_shops, shop
D:6:      layout_loops_corners, nrook_campfire, minmay_crystal_water,
          uniq_maggie, uniq_crazy_yiuf_cottage, uniq_prince_ribbit1,
          uniq_duvessa, uniq_menkaure
D:7:      layout_layer_cave, minmay_alternating_orb
Temple:   regret_index_temple_generic_petals

Skill      XL: |  1  2  3  4  5  6  7  8 |
---------------+-------------------------+-----
Armour         | 1 |  1.6
Dodging        | 3 |  3.9
Fighting       | 2 4 5 |  5.9
Polearms       | 3 5 7 9 11 | 11.8
Stealth        | |  1.1
Evocations     | |  3.0

Action                     |  1- 3 |  4- 6 |  7- 9 || total
---------------------------+-------+-------+-------++-------
  Melee: Club              |    46 |       |       ||    46
         Dagger            |   135 |   132 |   167 ||   434
         Punch             |     3 |       |     8 ||    11
         Trident           |       |   140 |    65 ||   205
  Evoke: Wand              |     3 |     1 |    10 ||    14
    Use: Scroll            |     1 |     2 |       ||     3
         Potion            |       |       |     1 ||     1
   Stab: Sleeping          |     1 |       |       ||     1
 Armour: Ring mail         |    39 |       |       ||    39
         Leather armour    |     3 |       |       ||     3
         Scale mail        |    20 |   136 |    81 ||   237
         Robe              |     1 |       |       ||     1
  Dodge: Dodged            |   117 |   175 |   135 ||   427
